 Dungeon Crawl Stone Soup version 0.20.0-8-g6b59dc7 (webtiles) character file.

245575 MDvedh the Executioner (level 20, -10/169 HPs)
             Began as a Human Berserker on June 1, 2017.
             Was the Champion of Trog.
             Killed from afar by a deep elf sorcerer (34 damage)
             ... with a bolt of acid
             ... led by an ironheart preserver
             ... on level 1 of the Vaults.
             The game lasted 01:07:42 (37299 turns).

MDvedh the Executioner (Human Berserker)           Turns: 37299, Time: 01:07:42

Health: -10/169    AC: 29    Str: 28    XL:     20   Next: 26%
Magic:  20/20      EV: 20    Int: 11    God:    Trog [******]
Gold:   862        SH:  0    Dex: 15    Spells: 19/19 levels left

rFire    + . .     SeeInvis +   b - +2 battleaxe (flame)
rCold    . . .     Gourm    .   (shield currently unavailable)
rNeg     + + +     Faith    .   i - +4 chain mail of Dim Light {Dex+3}
rPois    +         Spirit   .   (helmet restricted)
rElec    +         Reflect  .   G - +1 cloak "Erphimol" {-Cast rElec rN+++ SInv}
rCorr    .         Harm     .   K - +2 pair of gloves "Tikk" {*Drain Slay+4}
MR       ++++.     NoCast   +   F - +0 pair of boots
Stlth    ..........             U - amulet of regeneration
Regen    2.2/turn               y - ring "Parake" {rF+ MR+ Str+2}
MPRegen  0.2/turn               N - ring of Kehirrib {rPois EV+5}

@: marked, regenerating
A: horns 1, talons 1, iridescent scales 1, rugged brown scales 1, clever 1,
regeneration 1, wild magic 1
}: 2/15 runes: decaying, serpentine
a: Berserk, Trog's Hand, Brothers in Arms, Burn Spellbooks, Renounce Religion


You were on level 1 of the Vaults.
You worshipped Trog.
Trog was exalted by your worship.
You were not hungry.

You visited 6 branches of the dungeon, and saw 33 of its levels.
You also visited: Labyrinth and Bailey.

You collected 3571 gold pieces.
You spent 2709 gold pieces at shops.

Inventory:

Hand Weapons
 a - the +9 hand axe of Indomitability {speed, rPois MR++ Str+2 Dex-2}
   (You found it on level 10 of the Dungeon)

   Attacks with this weapon are significantly faster.
   It affects your strength (+2).
   It affects your dexterity (-2).
   It protects you from poison.
   It affects your resistance to hostile enchantments.
 b - a +2 battleaxe of flaming (weapon)
 I - a +4 executioner's axe of flaming
Armour
 i - the +4 chain mail of Dim Light (worn) {Dex+3}
   (You found it in a labyrinth)

   It affects your dexterity (+3).
 o - a +0 helmet
 F - a +0 pair of boots (worn)
 G - the +1 cloak "Erphimol" (worn) {-Cast rElec rN+++ SInv}
   (You acquired it in a bailey)

   It insulates you from electricity.
   It renders you almost immune to negative energy.
   It lets you see invisible.
   It prevents spellcasting.
 K - the +2 pair of gloves "Tikk" (worn) {*Drain Slay+4}
   (You found it in a labyrinth)

   It affects your accuracy and damage with ranged weapons and melee attacks
   (+4).
   It causes draining when unequipped.
 P - the scarf "Muakky" {-Cast rC+++ Dex+4}
   (You acquired it on level 10 of the Dungeon)

   It affects your dexterity (+4).
   It renders you almost immune to cold.
   It prevents spellcasting.
Jewellery
 e - an uncursed ring of resist corrosion
 j - an uncursed ring of ice
 p - an uncursed ring of positive energy
 y - the ring "Parake" (left hand) {rF+ MR+ Str+2}
   (You bought it in a shop on level 3 of the Snake Pit)

   [ring of protection from magic]

   It affects your strength (+2).
   It protects you from fire.
   It affects your resistance to hostile enchantments.
 N - the ring of Kehirrib (right hand) {rPois EV+5}
   (You found it in a labyrinth)

   [ring of evasion]

   It affects your evasion (+5).
   It protects you from poison.
 R - a +4 ring of dexterity {unknown}
 U - an amulet of regeneration (around neck)
 W - a +4 ring of evasion
Wands
 J - a wand of digging (12/24)
Scrolls
 d - 25 scrolls of teleportation
 f - 3 scrolls of immolation
 g - 7 scrolls of fog
 k - 6 scrolls of magic mapping
 l - 4 scrolls of enchant armour
 q - 5 scrolls of blinking
 v - 21 scrolls of remove curse
 w - 20 scrolls of identify
 B - 3 scrolls of recharging
 L - 3 scrolls of enchant weapon
 M - a scroll of summoning
 Q - 3 scrolls of vulnerability
Potions
 c - 2 potions of berserk rage
 h - 17 potions of curing
 m - 4 potions of magic
 n - 3 potions of flight
 t - 6 potions of brilliance
 u - 2 potions of resistance
 x - 4 potions of haste
 z - 3 potions of agility
 C - 2 potions of might
 D - 6 potions of heal wounds
 E - 2 potions of invisibility
 S - 3 potions of mutation
Comestibles
 r - 3 bread rations
 s - 13 royal jellies
 A - 24 fruits
 H - 8 meat rations


   Skills:
 + Level 16.2 Fighting
 * Level 22.2 Axes
 + Level 16.1 Armour
 - Level 9.6 Dodging


You had 19 spell levels left.
You didn't know any spells.

Dungeon Overview and Level Annotations

Branches:
Dungeon (15/15)            Temple (0/1) D:4            Lair (6/6) D:11
  Swamp (4/4) Lair:3        Snake (4/4) Lair:3        Slime (0/5) Lair:5
    Orc (2/2) D:9             Elf (0/3) Orc:2        Vaults (2/5) D:14
 Depths (0/5) D:15
  Crypt: Vaults:2-3

Altars:
Cheibriados
Elyvilon
Nemelex Xobeh
Ru
Trog
Vehumet
Zin
Beogh
Jiyva

Shops:
D:10 ?   D:12 (   D:14 (   Orc:2 ?!([   Snake:3 }=}

Annotations:
Lair:5 exclusion: 2 oklob plants
Swamp:3 exclusion: Roxanne, Roxanne


Innate Abilities, Weirdness & Mutations

You have a pair of small horns on your head.
You have sharp toenails.
You are partially covered in iridescent scales. (AC +2)
You are partially covered in rugged brown scales. (AC +1, +3% HP)
Your mind is acute. (Int +2)
Your natural rate of healing is unusually fast.
Your spells are a little harder to cast, but a little more powerful.


Message History

The deep elf sorcerer is moderately wounded.
You hit the deep elf archer. You burn the deep elf archer.
You slash the ironheart preserver! You burn the ironheart preserver.
The deep elf sorcerer hits you but does no damage.
The deep elf archer hits you with an uncursed dagger of flaming!
* * * LOW HITPOINT WARNING * * *
The deep elf archer burns you.
* * * LOW HITPOINT WARNING * * *
You feel much better.
The deep elf sorcerer points at you and mumbles some strange words.
The bolt of acid hits you!
* * * LOW HITPOINT WARNING * * *
You are splashed with acid!
The acid burns!
* * * LOW HITPOINT WARNING * * *
The ironheart preserver casts a spell.
The ironheart preserver is healed somewhat.
The deep elf archer blinks!
The deep elf sorcerer casts a spell at you.
The bolt of acid hits you!
You die...

.....(...........#
############.....#
#### #.....# #########
...#
#.....########........
...#
#.e...#......#....###.
...#
#.....#......#...##.##
...#
#.....#......#..##...#
...#
#...§p#).....#.##.....
...#
#...e@).)....'..).)...
####
#...e.#......#.##.)...
#.....#......#..##...#
#.....#......#...##.##
#########
#.....#......#....###.
#.......#
#.....#......#........
###...###
#.....#......#########
#.#...#.#
#[....#......#
#.......#
#..>..########


You could see an ironheart preserver, a deep elf sorcerer, a deep elf archer and
a deep elf mage.

Vanquished Creatures
  Mara (Snake:4)
  Bai Suzhen (Snake:3)
  Asterion (Snake:4)
  Kirke (Swamp:3)
  3 thorn hunters
  8 nagarajas
  2 deep elf sorcerers
  3 vault wardens
  Aizul (Snake:4)
  The ghost of Shinoi the Bludgeoner, a journeyman MiBe of Trog (Lair:2)
  3 ironheart preservers
  A stone giant (Vaults:2)
  2 deep elf annihilators
  2 deep elf demonologists (Vaults:1)
  A minotaur (Lab)
  A deep elf death mage (Vaults:1)
  2 yaktaur captains (Vaults:1)
  Harold (Lair:4)
  A vault guard (D:14)
  12 naga warriors
  2 ice dragons (Vaults:1)
  21 hydras
  A death knight (D:15)
  20 two-headed ogres
  2 ghost crabs
  5 centaur warriors
  8 anacondas
  A deep troll earth mage (Vaults:2)
  The ghost of 100P the Cleaver, a novice DsGl of Makhleb (D:10)
  3 alligators
  5 death yaks
  4 orc high priests (Orc:2)
  4 ogre magi
  9 shock serpents
  A naga sharpshooter (Snake:4)
  A spriggan berserker (Swamp:4)
  3 deep elf knights
  A salamander mystic (Snake:2)
  3 shadow wraiths (Vaults:1)
  2 unseen horrors
  A sea snake (Snake:2)
  2 wizards (D:15)
  A glowing orange brain (Vaults:1)
  9 swamp dragons
  3 deep elf archers (Vaults:1)
  A deep troll (Vaults:2)
  2 ironbrand convokers (Vaults:2)
  A shambling mangrove (Swamp:3)
  4 naga ritualists
  A lindwurm (D:14)
  6 harpies
  A wolf spider zombie (D:15)
  4 deep elf magi
  2 orc knights (Vaults:1)
  3 mana vipers
  A wolf spider (Vaults:1)
  9 ugly things
  2 cyclopes
  3 orc sorcerers (Orc:2)
  A manticore (D:12)
  6 salamanders
  3 guardian serpents
  2 vault sentinels
  21 black mambas
  Joseph (D:7)
  13 elephants (Lair:6)
  17 naga magi
  33 spiny frogs
  2 rime drakes
  A freezing wraith (Vaults:2)
  7 yaktaurs
  9 komodo dragons
  6 trolls
  Prince Ribbit (D:5)
  A polar bear (D:8)
  9 tyrant leeches
  10 bog bodies
  A harpy skeleton (D:15)
  4 slime creatures (Vaults:1)
  12 hornets
  13 blink frogs
  12 hippogriffs
  2 water elementals (D:13)
  6 spriggans (Swamp:2)
  A centaur simulacrum (D:14)
  A wraith (Vaults:1)
  3 wyverns
  A shadow (D:14)
  A human (D:11)
  A spriggan (shapeshifter) (Vaults:1)
  8 basilisks
  A fire elemental (Orc:1)
  A yak (shapeshifter) (D:15)
  9 hogs
  A human (shapeshifter) (D:15)
  22 vampire mosquitoes
  50 yaks
  4 hungry ghosts
  8 insubstantial wisps
  7 wargs
  Menkaure (D:5)
  45 nagas
  13 swamp worms
  7 water moccasins
  2 acid dragons
  38 orc warriors
  9 porcupines
  15 swamp drakes
  2 sky beasts
  5 phantoms
  3 black bears
  5 ice beasts
  7 boggarts
  An eye of draining (D:12)
  26 ogres
  19 wolves
  7 centaurs
  18 crocodiles
  40 bullfrogs
  An earth elemental (Orc:2)
  A gnoll sergeant (D:9)
  A wyvern zombie (D:8)
  8 scorpions
  46 killer bees
  4 wights (D:14)
  6 electric eels
  6 howler monkeys
  3 centaur zombies
  10 crimson imps
  3 quasits
  2 bullfrog zombies
  6 jellies
  40 orc priests
  3 hounds
  3 bullfrog skeletons
  A human simulacrum (Vaults:1)
  5 centaur skeletons
  26 orc wizards
  Crazy Yiuf (D:4)
  An iguana (D:11)
  Ijyb (D:3)
  8 worker ants
  A hound zombie (D:9)
  2 hound skeletons
  3 worker ant zombies
  15 gnolls
  2 river rats (D:12)
  16 adders
  4 shadow imps
  A worker ant simulacrum (D:8)
  An ufetubus (D:8)
  3 oozes
  An adder zombie (D:7)
  4 worms
  6 dart slugs
  5 leopard geckos
  95 orcs
  8 bats
  9 giant cockroaches
  6 hobgoblins
  8 jackals
  12 kobolds
  9 quokkas
  A ball python (D:2)
  8 frilled lizards
  8 goblins
  A jackal skeleton (D:7)
  3 leopard gecko skeletons
  10 rats
  7 fungi
  15 plants
1226 creatures vanquished.

Vanquished Creatures (collateral kills)
  A nagaraja (Snake:4)
  An orc warlord (Bailey)
  A naga sharpshooter (Snake:4)
  A salamander (Snake:4)
  3 naga magi (Snake:4)
  9 nagas (Snake:4)
  A hobgoblin (Bailey)
17 creatures vanquished.

Vanquished Creatures (others)
  A hydra (Swamp:4)
  An alligator (Swamp:4)
  A spriggan berserker (Swamp:4)
  An ironbrand convoker (Vaults:1)
  A deep elf mage (Vaults:1)
  A hornet (Swamp:4)
  A bog body (Swamp:4)
  2 tyrant leeches (Swamp:4)
  A spriggan (Swamp:4)
  A naga (Snake:4)
  33 fungi
  35 plants
79 creatures vanquished.

Grand Total: 1322 creatures vanquished

Notes
Turn   | Place    | Note
-------+----------+-------------------------------------------
     0 | D:1      | MDvedh the Human Berserker began the quest for the Orb.
     0 | D:1      | Reached XP level 1. HP: 18/18 MP: 1/1
   177 | D:1      | Reached XP level 2. HP: 18/24 MP: 2/2
   576 | D:1      | Reached skill level 4 in Axes
   576 | D:1      | Reached XP level 3. HP: 20/29 MP: 3/3
  1299 | D:2      | Reached XP level 4. HP: 33/35 MP: 4/4
  1375 | D:2      | Reached ** piety under Trog
  1568 | D:2      | Reached skill level 5 in Axes
  2005 | D:3      | Found a glowing silver altar of Zin.
  2019 | D:3      | Noticed Ijyb
  2032 | D:3      | Killed Ijyb
  2032 | D:3      | Reached XP level 5. HP: 32/41 MP: 5/5
  2734 | D:4      | Reached skill level 6 in Axes
  2910 | D:4      | Reached XP level 6. HP: 47/47 MP: 6/6
  3105 | D:4      | Noticed a phantom
  3315 | D:4      | Killed a phantom
  3315 | D:4      | Reached skill level 7 in Axes
  3315 | D:4      | Reached XP level 7. HP: 30/52 MP: 7/7
  3330 | D:4      | Found a runed door.
  3628 | D:4      | Reached *** piety under Trog
  3946 | D:4      | Found a staircase to the Ecumenical Temple.
  3965 | D:4      | Noticed Crazy Yiuf
  3971 | D:4      | Killed Crazy Yiuf
  4047 | D:5      | Entered Level 5 of the Dungeon
  4238 | D:5      | Reached skill level 8 in Axes
  4323 | D:5      | Noticed Prince Ribbit
  4910 | D:5      | Noticed Menkaure
  4929 | D:5      | Killed Menkaure
  4929 | D:5      | Reached XP level 8. HP: 45/58 MP: 8/8
  5442 | D:5      | Killed Prince Ribbit
  5442 | D:5      | Reached skill level 9 in Axes
  6245 | D:6      | Reached skill level 10 in Axes
  6784 | D:6      | Reached XP level 9. HP: 63/63 MP: 9/9
  6923 | D:6      | Reached skill level 11 in Axes
  7284 | D:7      | Reached **** piety under Trog
  7574 | D:7      | Reached skill level 12 in Axes
  8016 | D:7      | Reached skill level 13 in Axes
  8016 | D:7      | Reached XP level 10. HP: 70/70 MP: 10/10
  8020 | D:7      | Gained mutation: Potions are less effective at restoring your health. [mutagenic meat]
  8021 | D:7      | Gained mutation: Scrolls take you a little longer to read. [mutagenic meat]
  8083 | D:7      | Noticed Joseph
  8110 | D:7      | Killed Joseph
  8492 | D:7      | Found a sparkling altar of Nemelex Xobeh.
  8630 | D:8      | Found a radiant altar of Vehumet.
  8853 | D:8      | Reached ***** piety under Trog
  8853 | D:8      | Reached skill level 14 in Axes
  9010 | D:8      | Noticed a two-headed ogre
  9018 | D:8      | Killed a two-headed ogre
  9765 | D:9      | Reached skill level 15 in Axes
  9768 | D:9      | Reached XP level 11. HP: 75/75 MP: 11/11
 10175 | D:9      | Found a staircase to the Orcish Mines.
 10600 | D:9      | Noticed a two-headed ogre
 10611 | D:9      | Killed a two-headed ogre
 10611 | D:9      | Reached skill level 16 in Axes
 11071 | D:10     | Entered Level 10 of the Dungeon
 11078 | D:10     | Found a flagged portal.
 11079 | D:10     | Noticed 100P's ghost (novice DsGl)
 11083 | D:10     | Got a blackened hand axe
 11115 | D:10     | HP: 3/75 [100P's ghost (4)]
 11435 | D:10     | Killed 100P's ghost
 11473 | D:10     | Identified the +9 hand axe of Indomitability {speed, rPois MR++ Str+2 Dex-2} (You found it on level 10 of the Dungeon)
 11478 | Bailey   | Entered a bailey
 11483 | Bailey   | Noticed an orc warlord
 11501 | Bailey   | Received a gift from Trog
 11567 | Bailey   | Found a runed gate.
 11569 | Bailey   | Found a runed gate.
 11583 | Bailey   | Found a runed gate.
 11746 | Bailey   | Killed an orc warlord
 11765 | Bailey   | Identified a scroll of acquirement
 11765 | Bailey   | Got a dazzling cloak
 11776 | Bailey   | Identified the +1 cloak "Erphimol" {-Cast rElec rN+++ SInv} (You acquired it in a bailey)
 11786 | Bailey   | Reached skill level 17 in Axes
 11786 | Bailey   | Reached XP level 12. HP: 84/84 MP: 12/12
 11836 | D:10     | Found Uneproask's Magic Scroll Shoppe.
 11839 | D:10     | Bought a scroll of identify for 28 gold pieces
 11839 | D:10     | Bought a scroll of identify for 28 gold pieces
 11839 | D:10     | Bought a scroll of identify for 28 gold pieces
 11839 | D:10     | Bought a scroll of torment for 105 gold pieces
 11839 | D:10     | Bought a scroll of magic mapping for 49 gold pieces
 11839 | D:10     | Bought a scroll of identify for 28 gold pieces
 12142 | D:10     | Reached skill level 18 in Axes
 12569 | D:10     | Lost mutation: Scrolls take you a little longer to read. [potion of mutation]
 12569 | D:10     | Lost mutation: Potions are less effective at restoring your health. [potion of mutation]
 12569 | D:10     | Gained mutation: You are partially covered in iridescent scales. (AC +2) [potion of mutation]
 12569 | D:10     | Gained mutation: You are agile. (Dex +2) [potion of mutation]
 12569 | D:10     | Gained mutation: Your muscles are strong. (Str +2) [potion of mutation]
 12616 | D:11     | Reached XP level 13. HP: 90/90 MP: 13/13
 12620 | D:11     | Reached skill level 5 in Fighting
 12645 | D:11     | HP: 3/91 [orc warrior/halberd (11)]
 13275 | D:11     | Reached skill level 5 in Armour
 13394 | D:11     | Received a gift from Trog
 13455 | D:11     | Found a staircase to the Lair.
 13763 | D:11     | Found a sacrificial altar of Ru.
 14222 | Lair:1   | Entered Level 1 of the Lair of Beasts
 14239 | Lair:1   | Found a labyrinth entrance.
 14327 | Lab      | Entered a labyrinth
 14622 | Lab      | Noticed a minotaur
 14627 | Lab      | Killed a minotaur
 14666 | Lab      | Got a crude granite ring
 14673 | Lab      | Got a pair of brightly glowing gloves
 14679 | Lab      | Identified the +2 pair of gloves "Tikk" {*Drain Slay+4} (You found it in a labyrinth)
 14682 | Lab      | Identified the ring of Kehirrib {rPois EV+5} (You found it in a labyrinth)
 14696 | Lab      | Got a fine chain mail
 14707 | Lab      | Identified the +4 chain mail of Dim Light {Dex+3} (You found it in a labyrinth)
 14710 | Lair:1   | Noticed a four-headed hydra
 14718 | Lair:1   | Killed a one-headed hydra
 14902 | Lair:1   | Noticed a seven-headed hydra
 14912 | Lair:1   | Killed a four-headed hydra
 15706 | Lair:2   | Noticed an eight-headed hydra
 15715 | Lair:2   | Killed a five-headed hydra
 15813 | Lair:2   | Noticed Shinoi's ghost (journeyman MiBe)
 15828 | Lair:2   | Killed Shinoi's ghost
 16062 | Lair:2   | Reached XP level 14. HP: 79/105 MP: 14/14
 16837 | Lair:3   | Received a gift from Trog
 16873 | Lair:3   | Found a staircase to the Swamp.
 17052 | Lair:3   | Found a staircase to the Snake Pit.
 17858 | Lair:4   | Reached skill level 19 in Axes
 18110 | Lair:4   | Noticed Harold
 18129 | Lair:4   | Killed Harold
 18865 | Lair:5   | Found a viscous altar of Jiyva.
 18869 | Lair:5   | Found a staircase to the Slime Pits.
 19635 | Lair:6   | Entered Level 6 of the Lair of Beasts
 19654 | Lair:5   | Reached ****** piety under Trog
 19654 | Lair:5   | Reached skill level 10 in Fighting
 19958 | Lair:6   | Reached XP level 15. HP: 87/116 MP: 15/15
 19968 | Lair:6   | Reached skill level 10 in Armour
 19979 | Lair:6   | Received a gift from Trog
 19986 | Lair:6   | Got an ichor-stained broad axe {god gift}
 19992 | Lair:5   | Identified the +2 broad axe of Crusades {chop, rElec rPois rC++ MR-} (Trog gifted it to you on level 6 of the Lair of Beasts)
 21944 | Orc:1    | Entered Level 1 of the Orcish Mines
 22012 | Orc:1    | Received a gift from Trog
 22060 | Orc:1    | Found a roughly hewn altar of Beogh.
 22121 | Orc:1    | Reached skill level 20 in Axes
 22700 | Orc:2    | Entered Level 2 of the Orcish Mines
 22700 | Orc:2    | Found a staircase to the Elven Halls.
 22915 | Orc:2    | Received a gift from Trog
 23046 | Orc:2    | Reached XP level 16. HP: 127/127 MP: 16/16
 23112 | Orc:2    | Found Veb Jyuf's Weapon Emporium.
 23112 | Orc:2    | Found Aclonog's Magic Scroll Shoppe.
 23112 | Orc:2    | Found Caopsak's Distillery.
 23115 | Orc:2    | Found Xobo's Armour Emporium.
 23927 | Orc:2    | Bought a scroll of teleportation for 42 gold pieces
 23927 | Orc:2    | Bought a scroll of enchant armour for 105 gold pieces
 23927 | Orc:2    | Bought a scroll of enchant armour for 105 gold pieces
 23927 | Orc:2    | Bought a scroll of enchant weapon for 105 gold pieces
 23927 | Orc:2    | Bought a scroll of identify for 28 gold pieces
 23927 | Orc:2    | Bought a scroll of identify for 28 gold pieces
 23927 | Orc:2    | Bought a scroll of identify for 28 gold pieces
 23927 | Orc:2    | Bought a scroll of identify for 28 gold pieces
 24037 | D:10     | Bought 2 scrolls of acquirement for 1456 gold pieces
 24038 | D:10     | Got a distressingly furry scarf
 24049 | D:10     | Identified the scarf "Muakky" {-Cast rC+++ Dex+4} (You acquired it on level 10 of the Dungeon)
 24170 | D:12     | Found Vaokozen's Antique Weapon Shoppe.
 24624 | D:12     | Received a gift from Trog
 25624 | D:13     | Found a bloodstained altar of Trog.
 25856 | D:14     | Found Kabbeus's Weapon Shop.
 26277 | D:14     | Received a gift from Trog
 26310 | D:14     | Found a gate to the Vaults.
 26362 | D:14     | Found a white marble altar of Elyvilon.
 26515 | D:15     | Entered Level 15 of the Dungeon
 26566 | D:15     | Reached skill level 5 in Dodging
 27698 | D:15     | Found a staircase to the Depths.
 28261 | Swamp:1  | Entered Level 1 of the Swamp
 28466 | Swamp:1  | Reached XP level 17. HP: 126/137 MP: 17/17
 28741 | Swamp:1  | Received a gift from Trog
 30112 | Swamp:3  | Noticed a thorn hunter
 30113 | Swamp:3  | Noticed Kirke
 30131 | Swamp:3  | Killed a thorn hunter
 30141 | Swamp:3  | Killed Kirke
 30324 | Swamp:3  | Noticed Roxanne
 30581 | Swamp:3  | Found a snail-covered altar of Cheibriados.
 30855 | Swamp:4  | Entered Level 4 of the Swamp
 31168 | Swamp:4  | Noticed a thorn hunter
 31183 | Swamp:4  | Killed a thorn hunter
 31187 | Swamp:4  | Received a gift from Trog
 31242 | Swamp:4  | Got a decaying rune of Zot
 31340 | Swamp:4  | Noticed a thorn hunter
 31364 | Swamp:4  | Killed a thorn hunter
 31763 | Snake:1  | Entered Level 1 of the Snake Pit
 31794 | Snake:1  | Reached XP level 18. HP: 147/147 MP: 18/18
 32502 | Snake:2  | Received a gift from Trog
 33120 | Snake:3  | Noticed Bai Suzhen
 33136 | Snake:3  | Killed Bai Suzhen
 33524 | Snake:3  | Reached skill level 15 in Fighting
 33567 | Snake:3  | Found Vori's Gadget Boutique.
 33567 | Snake:3  | Found Juluzeon's Jewellery Shoppe.
 33568 | Snake:3  | Found Maxt's Gadget Boutique.
 33576 | Snake:3  | Bought the ring "Parake" {rF+ MR+ Str+2} for 518 gold pieces
 33668 | Snake:4  | Entered Level 4 of the Snake Pit
 33810 | Snake:4  | Noticed Asterion
 33827 | Snake:4  | Killed Asterion
 33827 | Snake:4  | Reached skill level 15 in Armour
 34056 | Snake:4  | Noticed Mara
 34069 | Snake:4  | Killed Mara
 34069 | Snake:4  | Reached skill level 21 in Axes
 34069 | Snake:4  | Reached XP level 19. HP: 116/155 MP: 19/19
 34345 | Snake:4  | Received a gift from Trog
 34753 | Snake:4  | Noticed Aizul
 34766 | Snake:4  | Killed Aizul
 34875 | Snake:4  | Got a serpentine rune of Zot
 35332 | Vaults:1 | Entered Level 1 of the Vaults
 35604 | Vaults:1 | Lost mutation: Your muscles are strong. (Str +2) [mutagenic meat]
 35605 | Vaults:1 | Gained mutation: Your mind is acute. (Int +2) [mutagenic meat]
 35610 | Vaults:1 | Gained mutation: You are partially covered in rugged brown scales. (AC +1, +3% HP) [mutagenic meat]
 35612 | Vaults:1 | Gained mutation: Your spells are a little harder to cast, but a little more powerful. [mutagenic meat]
 35617 | Vaults:1 | Gained mutation: Your natural rate of healing is unusually fast. [mutagenic meat]
 35665 | Vaults:1 | You fall through a shaft!
 35864 | Vaults:2 | Received a gift from Trog
 36058 | Vaults:1 | Gained mutation: Scrolls take you a little longer to read. [mutagenic meat]
 36059 | Vaults:1 | Lost mutation: You are agile. (Dex +2) [potion of mutation]
 36059 | Vaults:1 | Lost mutation: Scrolls take you a little longer to read. [potion of mutation]
 36059 | Vaults:1 | Gained mutation: You have sharp toenails. [potion of mutation]
 36059 | Vaults:1 | Gained mutation: You have a pair of small horns on your head. [potion of mutation]
 36126 | Vaults:1 | Reached skill level 22 in Axes
 36174 | Vaults:1 | Reached XP level 20. HP: 164/168 MP: 20/20
 36466 | Vaults:1 | Received a gift from Trog
 37286 | Vaults:1 | Noticed a Brimstone Fiend
 37288 | Vaults:1 | Noticed a Brimstone Fiend
 37290 | Vaults:1 | Noticed a Tzitzimitl
 37292 | Vaults:1 | Noticed an Ice Fiend
 37299 | Vaults:1 | Killed from afar by a deep elf sorcerer

Skill      XL: |  1  2  3  4  5  6  7  8  9 10 11 12 13 14 15 16 17 18 19 20 |
---------------+-------------------------------------------------------------+-----
Axes           | 4 5 6 7 8 10 13 15 17 18 19 20 21 22 | 22.2
Fighting       | 4 8 10 11 13 14 15 16 | 16.2
Armour         | 3 4 7 9 11 12 14 15 16 | 16.1
Dodging        | 6 9 |  9.6

Action                   |  1- 3 |  4- 6 |  7- 9 | 10-12 | 13-15 | 16-18 | 19-21 || total
-------------------------+-------+-------+-------+-------+-------+-------+-------++-------
Melee: Hand axe          |    82 |   294 |   327 |    10 |       |       |       ||   713
       War axe           |       |       |   104 |   337 |       |       |       ||   441
       Battleaxe         |       |       |       |   133 |   968 |  1184 |   416 ||  2701
       Headbutt          |       |       |       |       |       |       |    21 ||    21
Invok: Berserk           |     1 |     1 |    14 |    12 |     8 |     5 |       ||    41
       Trog's Hand       |       |       |     1 |       |     2 |     2 |    10 ||    15
       Burn Spellbooks   |       |       |     1 |       |     3 |     2 |       ||     6
       Brothers in Arms  |       |       |       |     2 |       |       |     3 ||     5
Evoke: Wand              |       |       |       |       |     2 |       |       ||     2
  Use: Scroll            |       |    13 |     1 |    18 |     7 |     9 |     1 ||    49
       Potion            |       |       |     2 |     2 |     1 |     1 |     2 ||     8
 Stab: Sleeping          |     1 |       |       |       |       |       |       ||     1
       Distracted        |       |       |       |       |     1 |       |       ||     1
  Eat: Bread ration      |     1 |       |     2 |     1 |     4 |     4 |     3 ||    15
       Chunk             |       |     5 |    12 |    25 |    27 |    22 |    14 ||   105
       Meat ration       |       |       |     1 |     1 |       |       |       ||     2
       Royal jelly       |       |       |     2 |     1 |       |     1 |       ||     4
Armor: Animal skin       |     6 |       |       |       |       |       |       ||     6
       Ring mail         |    12 |     5 |       |       |       |       |       ||    17
       Chain mail        |       |   170 |   188 |       |   347 |   485 |   173 ||  1363
       Skin              |       |       |    13 |       |       |       |       ||    13
       Plate armour      |       |       |    13 |   245 |    77 |       |       ||   335
Dodge: Dodged            |    54 |   129 |   155 |   136 |   552 |   960 |   345 ||  2331
